 Dungeon Sprint DCSS version 0.29-a0-96-g93358da72b (webtiles) character file.

Game seed: 5700353248469885765

0 cyrus the Skirmisher (level 1, -4/21 HPs)
             Began as a Naga Fighter on Feb 11, 2022.
             Was an Initiate of Yredelemnul.
             Slain by Sigmund (11 damage)
             ... in the Dungeon (Sprint VI: "Thunderdome").
             The game lasted 00:00:44 (42 turns).

cyrus the Skirmisher (Naga Fighter)                   Turns: 42, Time: 00:00:44

Health: -4/21      AC:  4    Str: 18    XL:     1   Next: 20%
Magic:  1/1        EV:  7    Int:  8    God:    Yredelemnul [......]
Gold:   0          SH:  4    Dex: 10    Spells: 0/0 levels left

rFire   . . .      SeeInvis +   a - +0 trident
rCold   . . .      Faith    .   c - +0 buckler
rNeg    . . .      Spirit   .   b - +0 scale mail
rPois   +          Reflect  .   (no helmet)
rElec   .          Harm     .   (no cloak)
rCorr   .          Rampage  .   (no gloves)
Will    .....      NoTele   +   (no barding)
Stlth   ..........              (no amulet)
HPRegen 0.07/turn               (no ring)
MPRegen 0.07/turn               (no ring)

@: mighty, very slow
A: AC +0, large, see invisible, deformed body, poison resistance, slowness 2,
spit poison 1, naga tail 1
a: Spit Poison, Renounce Religion, Recall Undead Harvest


You were in the Dungeon.
You worshipped Yredelemnul.
Yredelemnul was noncommittal.
You visited 1 branch

Inventory:

Hand Weapons
 a - a +0 trident (weapon)
Armour
 b - a +0 scale mail (worn)
 c - a +0 buckler (worn)
Scrolls
 j - a scroll of blinking
Potions
 f - a potion of heal wounds
 g - a potion of haste
 h - 2 potions of magic
 i - a potion of berserk rage


   Skills:
 + Level 3.2 Fighting
 + Level 2.1 Polearms
 + Level 2.6 Armour
 + Level 2.5 Shields


You couldn't memorise any spells.
You didn't know any spells.
Your spell library was empty.

Dungeon Overview and Level Annotations

Branches:
Dungeon (1/1)

Altars:
Dithmenos
Fedhas
Gozag
Okawaru
Qazlal
Trog
Uskayaw
Xom
Yredelemnul
Zin
The Shining One
Lugonu

Shops:
D **[(!!!!

Annotations:
D Sigmund


Innate Abilities, Weirdness & Mutations

Your serpentine skin is tough. (AC +0)
You have supernaturally acute eyesight. (SInv)
Armour fits poorly on your strangely shaped body.
Your system is resistant to poisons. (rPois)
You cover ground very slowly.
You can spit poison.
You have a snake-like lower body.


Message History

The ball python bites you. You block the ball python's attack.
The ball python bites you.
A hobgoblin comes into view.
The ball python bites you but does no damage.
There is a basalt altar of Yredelemnul here.
You coil in front of the altar of Yredelemnul.
Yredelemnul welcomes you!
You can now reap souls.
You can now recall your undead harvest.
The hobgoblin shouts!
The ball python barely misses you.
The ball python bites you but does no damage.
The ball python barely misses you. You block Sigmund's attack.
You barely miss the ball python.
The ball python bites you but does no damage.
You hit the ball python.
The ball python is severely wounded.
You block the ball python's attack.
Sigmund hits you from afar with a +0 scythe!
You block the ball python's attack.
You feel better.
Sigmund hits you from afar with a +0 scythe!
The ball python closely misses you.
You feel very mighty all of a sudden.
The ball python bites you but does no damage.
The hobgoblin hits you but does no damage.
Sigmund hits you from afar with a +0 scythe.
* * * LOW HITPOINT WARNING * * *
You closely miss the ball python.
The ball python is severely wounded.
The ball python bites you but does no damage.
The hobgoblin closely misses you.
The ball python bites you but does no damage.
You hit the ball python.
You kill the ball python!
You block Sigmund's attack. The hobgoblin barely misses you.
The hobgoblin barely misses you. Sigmund hits you with a +0 scythe!
Ouch! That really hurt!
You die...
Your body rises from the dead as a mindless zombie.

......._# ......._#
......._#
###.........###
#⌠...........⌠#
#.8.........8.######
..... #.....g___∩##
..8. #.8..@@....∩##
..###.............#
#...###..........⌠
#.<.# #..........⌠ .
#...###..........⌠
.....###.............#
...8. #.8........∩###
......###......__.∩##
#.8.........8.######


You could see Sigmund (invisible) and a hobgoblin.

Vanquished Creatures
  A ball python (D)
1 creature vanquished.

Notes
Turn   | Place    | Note
-------+----------+-------------------------------------------
     0 | D        | cyrus the Naga Fighter began the quest for the Orb.
     0 | D        | Reached XP level 1. HP: 21/21 MP: 1/1
     0 | D        | Found an opulent altar of Gozag.
     0 | D        | Found a glowing golden altar of the Shining One.
     1 | D        | Found an iron altar of Okawaru.
     2 | D        | Found a glowing silver altar of Zin.
     3 | D        | Found a bloodstained altar of Trog.
     3 | D        | Found a corrupted altar of Lugonu.
     3 | D        | Found Faymut's Weapon Rack.
     3 | D        | Found Qeja's Premium Goods.
     4 | D        | Found Xyisch's Basic Armour.
     4 | D        | Found Fynubod's Miscellaneous Merchandise.
     4 | D        | Round 1.
    10 | D        | Found Lount's Do-It-Yourself Clinic.
    12 | D        | Found Kobeb's Bottled Wisdom.
    12 | D        | Found Ronwadiw's Distillery.
    13 | D        | Found a basalt altar of Yredelemnul.
    13 | D        | Found a shadowy altar of Dithmenos.
    13 | D        | Found a blossoming altar of Fedhas.
    13 | D        | Found Ulug's Distillery.
    19 | D        | Found a shimmering altar of Xom.
    20 | D        | Found a stormy altar of Qazlal.
    26 | D        | Found a hide-covered altar of Uskayaw.
    28 | D        | Noticed Sigmund
    34 | D        | Became a worshipper of Yredelemnul the Dark
    42 | D        | Slain by Sigmund

Illustrated notes

Levels and vault maps discovered:
D:        arena_sprint

Action                   || total
-------------------------++-------
Melee: Trident           ||     4
  Use: Potion            ||     2
Armor: Scale mail        ||     7
Dodge: Dodged            ||     6
Block: Buckler           ||     5

Table legend: (Time is in decaauts)
 A = Elapsed time spent in this place.
 B = Non-inter-level travel time spent in this place.
 C = Inter-level travel time spent in this place.
 D = Time resting spent in this place.
 E = Time spent auto-exploring this place.
 F = Levels seen in this place.
 G = Mean time per level.
                   A        B        C        D        E       F      G
               +--------+--------+--------+--------+--------+-----+--------+
         Total |     57 |     55 |      2 |      0 |      0 |   1 |   57.0 |
       Dungeon |     57 |     55 |      2 |      0 |      0 |   1 |   57.0 |
               +--------+--------+--------+--------+--------+-----+--------+

Top non-repeatable levels by time:
       D: 57 daAuts
